 Dungeon Crawl Stone Soup version 0.29-a0-330-g52719c12eb (webtiles) character file.

Game seed: 11775492874805315726

12408 kae the Arsonist (level 11, -1/74 HPs)
             Began as an Octopode Fire Elementalist on Apr 15, 2022.
             Was a Priest of Ashenzari.
             Slain by a yak (14 damage)
             ... on level 11 of the Dungeon.
             The game lasted 00:16:17 (27870 turns).

kae the Arsonist (Octopode Fire Elementalist)      Turns: 27870, Time: 00:16:17

Health: -1/74      AC:  1    Str: 12    XL:     11   Next: 92%
Magic:  5/21       EV: 23    Int: 26    God:    Ashenzari [***...]
Gold:   689        SH:  0    Dex: 25    Spells: 10/23 levels left

rFire   . . .      SeeInvis +   m - +7 spear "Seer of Ashenzari" {pain, rC++ Str+2 Int+4, Comp, Melee} (curse)
rCold   + + +      Faith    +   (no shield)
rNeg    + . .      Spirit   .   (helmet restricted)
rPois   .          Reflect  .   w - amulet of Ashenzari's Pleiades {Faith +Blink rElec Str+3, Melee, Evo} (curse)
rElec   +          Harm     .   f - ring of Ashenzari's Polytheism {rC+, Evo, Cun} (curse)
rCorr   .          Rampage  .   v - ring "Tethered the Doldrums" {rN+, Melee, Fort} (curse)
Will    .....      Clarity  +   p - ring of Panopticon {Dex+6, Evo, Cun} (curse)
Stlth   +++++++...              y - ring "Cryptic Dogma" {Dex+6, Cun, Bglg} (curse)
HPRegen 0.22/turn               (no ring)
MPRegen 0.17/turn               (no ring)
                                (no ring)
                                (no ring)

@: no status effects
A: almost no armour, amphibious, 8 rings, camouflage 1, gelatinous body 1,
(nimble swimmer 1), tentacles
a: Renounce Religion, Evoke Blink, Shatter the Chains


You were on level 11 of the Dungeon.
You worshipped Ashenzari.
Ashenzari was most pleased with you.
You visited 2 branches of the dungeon, and saw 12 of its levels.
You also visited: Sewer.

You collected 689 gold pieces.

Inventory:

Hand Weapons
 l - a +3 dagger of freezing
 m - the cursed +7 spear "Seer of Ashenzari" (weapon) {pain, rC++ Str+2 Int+4, Comp, Melee}
   (You found it on level 2 of the Dungeon)

   In the hands of one skilled in necromantic magic, it inflicts extra damage on
   living creatures.
   Str:       It affects your strength (+2).
   Int:       It affects your intelligence (+4).
   rC:        It greatly protects you from cold.
   It has a curse which improves the following skills: Companions: Summonings
   and Necromancy.
   Melee Combat: Short Blades, Long Blades, Axes, Maces & Flails, Polearms,
   Staves and Unarmed Combat.
Missiles
 g - a throwing net
Jewellery
 f - the cursed ring of Ashenzari's Polytheism (left tentacle) {rC+, Evo, Cun}
   (You found it on level 1 of the Dungeon)

   [ring of protection from cold]

   rC:        It protects you from cold.
   It has a curse which improves the following skills: Evocations: Evocations.
   Cunning:   Dodging and Stealth.
 o - an amulet of faith
 p - the cursed ring of Panopticon (on tentacle) {Dex+6, Evo, Cun}
   (You found it on level 8 of the Dungeon)

   [ring of dexterity]

   Dex:       It affects your dexterity (+6).
   It has a curse which improves the following skills: Evocations: Evocations.
   Cunning:   Dodging and Stealth.
 v - the cursed ring "Tethered the Doldrums" (right tentacle) {rN+, Melee, Fort}
   (You found it on level 5 of the Dungeon)

   [ring of positive energy]

   rN:        It protects you from negative energy.
   It has a curse which improves the following skills: Melee Combat: Short
   Blades, Long Blades, Axes, Maces & Flails, Polearms, Staves and Unarmed
   Combat.
   Fortitude: Shields.
 w - the cursed amulet of Ashenzari's Pleiades (around mantle) {Faith +Blink rElec Str+3, Melee, Evo}
   (You found it on level 5 of the Dungeon)

   [amulet of faith]

   It allows you to gain divine favour quickly.
   Str:       It affects your strength (+3).
   rElec:     It insulates you from electricity.
   +Blink:    It lets you blink.
   It has a curse which improves the following skills: Melee Combat: Short
   Blades, Long Blades, Axes, Maces & Flails, Polearms, Staves and Unarmed
   Combat.
   Evocations: Evocations.
 y - the cursed ring "Cryptic Dogma" (on tentacle) {Dex+6, Cun, Bglg}
   (You took it off an orc priest on level 8 of the Dungeon)

   [ring of dexterity]

   Dex:       It affects your dexterity (+6).
   It has a curse which improves the following skills: Cunning: Dodging and
   Stealth.
   Beguiling: Conjurations, Hexes and Translocations.
 B - an amulet of regeneration
 F - a +6 ring of strength
Wands
 q - a wand of flame (22)
 A - a wand of paralysis (4)
 E - a wand of iceblast (6)
Scrolls
 d - 2 scrolls of enchant armour
 i - 2 scrolls of amnesia
 r - 4 scrolls of teleportation
 t - 3 scrolls of magic mapping
 u - 3 scrolls of silence
 C - a scroll of brand weapon
 D - a scroll of fog
 G - a scroll of blinking
Potions
 a - a potion of attraction
 b - a potion of haste
 c - 4 potions of mutation
 e - a potion of resistance
 h - 4 potions of berserk rage
 j - a potion of lignification
 k - 3 potions of heal wounds
 n - 3 potions of brilliance
 s - 2 potions of degeneration
 x - 2 potions of curing
 z - a potion of might
 H - a potion of cancellation


   Skills:
 + Level 6.9 Fighting
 + Level 7.4(10.7) Dodging
 + Level 10.5(13.7) Stealth
 + Level 6.8 Spellcasting
 + Level 7.1(8.7) Conjurations
 * Level 10.6 Fire Magic


You had 10 spell levels left.
You knew the following spells:

 Your Spells              Type           Power      Damage    Failure   Level
a - Foxfire               Conj/Fire      100%       2x1d9     1%          1
b - Scorch                Fire           100%       2d10      1%          2
c - Conjure Flame         Conj/Fire      56%        6-21      1%          3
d - Inner Flame           Hex/Fire       37%        N/A       1%          3
e - Flame Wave            Conj/Fire      56%        2d11      1%          4

Your spell library contained the following spells:

 Spells                   Type           Power      Damage    Failure   Level
 Beastly Appendage        Tmut           16%        N/A       6%          1
 Pain                     Necr           36%        1d5       6%          1
 Sandblast                Erth           16%        2d6       6%          1
 Passwall                 Tmut/Erth      6%         N/A       10%         2
 Wereblood                Tmut           8%         N/A       10%         2
 Hailstorm                Conj/Ice       31%        3d8       11%         4
 Spider Form              Tmut/Pois      8%         N/A       19%         3
 Summon Lightning Spire   Summ/Air       9%         N/A       52%         4
 Agony                    Necr           9%         N/A       86%         5
 Excruciating Wounds      Necr           4%         N/A       86%         5
 Lee's Rapid Deconstruct  Erth           4%         3d6*      87%         5
 Ozocubu's Refrigeration  Ice            4%         4d5       100%        7
 Storm Form               Tmut/Air       4%         N/A       100%        7
 Borgnjor's Revivificati  Necr           4%         N/A       100%        8
 Maxwell's Capacitive Co  Air            4%         ∞         100%        8
 Necromutation            Tmut/Necr      4%         N/A       100%        8
 Death's Door             Necr           4%         N/A       100%        9


Dungeon Overview and Level Annotations

Branches:
Dungeon (11/15)            Temple (1/1) D:5             Orc (0/2) D:9
  Sewer (visited)
   Lair: D:8-11

Altars:
Ashenzari
Cheibriados
Dithmenos
Elyvilon
Fedhas
Gozag
Hepliaklqana
Kikubaaqudgha
Makhleb
Nemelex Xobeh
Okawaru
Qazlal
Ru
Sif Muna
Trog
Uskayaw
Vehumet
Wu Jian
Xom
Yredelemnul
Zin
The Shining One

Shops:
D:3 =   D:6 [   D:8 [

Annotations:
D:5 1 runed translucent door, Crazy Yiuf, Dowan, Duvessa


Innate Abilities, Weirdness & Mutations

You cannot wear most types of armour.
You are amphibious.
You can wear up to eight rings at the same time.
Your skin changes colour to match your surroundings (Stealth+).
Your rubbery body absorbs attacks. (AC +1, EV +1)
((You are camouflaged when in or above water. (Stealth+)))
You have tentacles for arms and can constrict up to eight enemies at once.


Message History

The troll barely misses you. The troll claws you. The troll misses you.
The troll completely misses you. The troll claws you!
The troll completely misses you.
Casting: Scorch (safe; 1% risk of failure)
Confirm with . or Enter, or press ? or * to list all spells.
Flames lash the troll.
The troll is burned terribly!
The troll is severely wounded.
The troll bites you. The troll completely misses you. x2
The troll bites you but does no damage. The troll completely misses you.
The troll claws you!
Casting: Scorch (safe; 1% risk of failure)
Confirm with . or Enter, or press ? or * to list all spells.
Flames lash the troll.
The troll is burned terribly!
The troll is almost dead.
The troll barely misses you. The troll misses you. The troll claws you!
The troll completely misses you. The troll claws you. The troll misses you.
You hit the troll.
You kill the troll!
The +0 troll leather armour is intact enough to wear.
The yak is engulfed in blazing flames.
You closely miss the yak.
The yak is moderately wounded.
The yak gores you.
You hit the yak. You squeeze the yak, but do no damage.
The yak is heavily wounded.
The yak misses you.
You hit the yak. You squeeze the yak, but do no damage.
The yak is heavily wounded.
The yak misses you.
You hit the yak.
The yak is severely wounded.
The yak gores you!
* * * LOW HITPOINT WARNING * * *
Casting: Scorch (safe; 1% risk of failure)
Confirm with . or Enter, or press ? or * to list all spells.
Flames lash the yak.
The yak is severely wounded.
The yak's fire resistance burns away.
The yak closely misses you. The yak gores you!
You die...

###### ###### .....# #.....
.....#######################.....
.....'..........@Y☼..............
....÷#############.########..(...
.....# #†# #......
##################.## #...... {{
....[.[...T....#######.##### *
***....$###..y##.......##.# ,
..., #...##.......##.# ** *.,,,
#...##.......##.# * ,
#...##.#'######.#


You could see a yak (combustible).

Vanquished Creatures
  A two-headed ogre (D:9)
  Pikel (D:4)
  A cyclops (D:9)
  Maurice (D:8)
  A komodo dragon (D:11)
  3 trolls
  A hornet (D:9)
  Grinder (D:4)
  6 slime creatures (D:8)
  Sigmund (D:2)
  2 wraiths (D:11)
  16 yaks
  8 vampire mosquitoes
  A steam dragon (D:8)
  Menkaure (D:6)
  A water moccasin (D:9)
  2 ice beasts
  3 orc warriors
  A sky beast (D:6)
  3 centaurs
  2 phantoms (D:5)
  A bullfrog (D:9)
  6 kobold brigands
  2 gnoll sergeants
  A necrophage (D:6)
  16 wights
  14 killer bees
  4 howler monkeys (D:10)
  A hound (D:4)
  7 orc priests
  A gnoll shaman (D:7)
  A jelly (D:6)
  An iguana (D:6)
  7 orc wizards
  15 gnolls
  9 adders
  3 river rats
  2 shadow imps
  A white imp (D:6)
  5 worms
  3 dart slugs
  39 orcs
  13 endoplasms
  4 giant cockroaches
  5 goblins
  4 hobgoblins
  3 quokkas
  12 ball pythons
  5 bats
  17 kobolds
  10 rats
269 creatures vanquished.

Vanquished Creatures (collateral kills)
  A foxfire (D:10)
1 creature vanquished.

Vanquished Creatures (others)
  1101 foxfires
  2 fungi (D:5)
1103 creatures vanquished.

Grand Total: 1373 creatures vanquished

Notes
Turn   | Place    | Note
-------+----------+-------------------------------------------
     0 | D:1      | kae the Octopode Fire Elementalist began the quest for the
                  | Orb.
     0 | D:1      | Reached XP level 1. HP: 11/11 MP: 3/3
   438 | D:1      | Reached XP level 2. HP: 17/17 MP: 1/5
   568 | D:1      | Found a faded altar of an unknown god.
  2051 | D:2      | Noticed Sigmund
  2066 | D:2      | Killed Sigmund
  2067 | D:2      | Reached skill level 1 in Fighting
  2067 | D:2      | Reached XP level 3. HP: 7/23 MP: 5/7
  2067 | D:2      | Reached XP level 4. HP: 9/28 MP: 5/8
  2067 | D:2      | Reached XP level 5. HP: 10/33 MP: 5/9
  2308 | D:2      | Learned a level 2 spell: Scorch
  2312 | D:2      | Learned a level 3 spell: Conjure Flame
  2323 | D:2      | Learned a level 3 spell: Inner Flame
  2632 | D:2      | Identified the +7 spear "Vyelog" {pain, rC++ Str+2 Int+4}
  3456 | D:3      | Reached XP level 6. HP: 16/39 MP: 10/10
  3708 | D:3      | Found Tiothi's Jewellery Emporium.
  3959 | D:4      | Found a glowing drain.
  3968 | Sewer    | Entered a sewer
  4517 | Sewer    | Reached XP level 7. HP: 45/45 MP: 6/11
  5040 | Sewer    | Reached skill level 5 in Fire Magic
  5161 | Sewer    | Reached skill level 5 in Stealth
  5364 | D:4      | Noticed Pikel
  5392 | D:4      | Killed Pikel
  5393 | D:4      | Reached XP level 8. HP: 25/52 MP: 1/13
  5897 | D:4      | Found a bloodstained altar of Trog.
  6026 | D:4      | Found a hazy altar of Hepliaklqana.
  6163 | D:4      | Noticed Grinder
  6174 | D:4      | Killed Grinder
  6472 | D:4      | Found a glowing golden altar of the Shining One.
  6539 | D:5      | Entered Level 5 of the Dungeon
  6551 | D:5      | Noticed Dowan
  6586 | D:5      | Noticed Duvessa
  6735 | D:5      | Found a staircase to the Ecumenical Temple.
  6872 | Temple   | Entered the Ecumenical Temple
  7027 | Temple   | Became a worshipper of Ashenzari the Shackled
  7608 | D:5      | Reached XP level 9. HP: 58/58 MP: 11/15
  7800 | D:5      | Identified the amulet "Kowoepe" {Faith +Blink rElec Str+3}
  7920 | D:5      | Found a runed translucent door.
  7923 | D:5      | Noticed Crazy Yiuf
  8998 | D:6      | Noticed Menkaure
  9004 | D:6      | Killed Menkaure
  9427 | D:6      | Learned a level 4 spell: Flame Wave
  9950 | D:6      | Found Acigrueck's Armour Shop.
 10820 | D:6      | Found Acigrueck's Armour Shop.
 10914 | D:6      | Reached skill level 5 in Dodging
 11701 | D:7      | Reached * piety under Ashenzari
 12235 | D:7      | Found a blossoming altar of Fedhas.
 12884 | D:7      | Reached skill level 5 in Spellcasting
 13015 | D:8      | Noticed Maurice
 13028 | D:8      | Killed Maurice
 13029 | D:8      | Reached skill level 5 in Conjurations
 13388 | D:7      | Reached XP level 10. HP: 65/65 MP: 13/17
 14617 | D:8      | Reached skill level 5 in Fighting
 15707 | D:8      | Reached ** piety under Ashenzari
 17737 | D:8      | Found Kielaot's Armour Boutique.
 18189 | D:9      | Found a staircase to the Orcish Mines.
 18382 | D:9      | Noticed a deep elf pyromancer
 18400 | D:9      | Noticed a cyclops
 18817 | D:9      | Found a snail-covered altar of Cheibriados.
 18817 | D:9      | Found a burning altar of Makhleb.
 19006 | D:9      | Reached XP level 11. HP: 61/72 MP: 14/20
 19784 | D:9      | Killed a cyclops
 20063 | D:10     | Entered Level 10 of the Dungeon
 20963 | D:10     | HP: 3/71 [vampire mosquito (12)]
 22292 | D:9      | Found a staircase to the Orcish Mines.
 22348 | D:9      | Found a snail-covered altar of Cheibriados.
 22491 | D:9      | Found a burning altar of Makhleb.
 23277 | D:10     | Noticed a two-headed ogre
 23490 | D:9      | Found a snail-covered altar of Cheibriados.
 23490 | D:9      | Found a burning altar of Makhleb.
 23695 | D:9      | Killed a two-headed ogre
 23696 | D:9      | Reached skill level 10 in Fire Magic
 23810 | D:9      | Found a staircase to the Orcish Mines.
 24317 | D:10     | Reached skill level 10 in Stealth
 24794 | D:10     | Identified the Catalogue of Cheese
 25342 | D:10     | Found a hide-covered altar of Uskayaw.
 25888 | D:11     | Reached *** piety under Ashenzari
 27870 | D:11     | Slain by a yak

Illustrated notes

Levels and vault maps discovered:
D:1:      eino_arrival_water_star, layout_basic,
          chequers_ecumenical_altar_simple_redux,
          nicolae_concentric_dashed_squares_wild, minmay_misc_feat_roman
D:2:      layout_basic, uniq_sigmund
D:3:      layout_loops_corners, serial_shops, nicolae_lakefront_shop
D:4:      layout_loops_cross, mainiacjoe_overflow_catwalk,
          mainiacjoe_overflow_surrounded_room, tso_oasis_becter,
          lightli_sewer_entry_pipes, grunt_decor_mini_mirrors, uniq_pikel,
          uniq_grinder
D:5:      layout_basic, minmay_temple_entry_stoned_glass,
          uniq_crazy_yiuf_cottage, uniq_duvessa
D:6:      layout_gridville, serial_shops, shop, kennysheep_cluttered_room,
          uniq_menkaure
D:7:      layout_cave_pods, fedhas_ov_isle_minmay
D:8:      layout_cave_pools, kennysheep_windowed_goal, uniq_maurice
D:9:      layout_cave_pods, mainiacjoe_overflow_large_starburst, orc_0_dummy,
          serial_rivers, chequers_serial_rivers_micro_c,
          chequers_serial_rivers_large_a, chequers_serial_rivers_small_3,
          chequers_serial_rivers_micro_a, chequers_serial_rivers_small_3,
          due_unseen_surprise
D:10:     layout_loops_ring, nicolae_uskayaw_dance_studio,
          hangedman_decor_riveting
D:11:     layout_basic, erik_lair_island
Temple:   regret_index_temple_waves

Skill      XL: |  1  2  3  4  5  6  7  8  9 10 11 |
---------------+----------------------------------+-----
Stealth        | 3 4 5 6 7 9 10 | 10.5
Fighting       | 1 2 3 4 5 6 |  6.9
Conjurations   | 2 3 4 5 6 7 |  7.1
Fire Magic     | 4 5 6 8 9 10 | 10.6
Spellcasting   | 3 4 5 6 |  6.8
Dodging        | 3 4 5 6 7 |  7.4

Action                   |  1- 3 |  4- 6 |  7- 9 | 10-12 || total
-------------------------+-------+-------+-------+-------++-------
Melee: Unarmed           |    22 |       |       |       ||    22
       Tentacles         |     4 |     9 |     5 |    11 ||    29
       Constrict         |     4 |    10 |     7 |     4 ||    25
       Spear             |       |    63 |    28 |    45 ||   136
 Cast: Foxfire           |    44 |    35 |   288 |   274 ||   641
       Conjure Flame     |       |       |    10 |    47 ||    57
       Scorch            |       |       |    25 |   100 ||   125
       Inner Flame       |       |       |     1 |     2 ||     3
       Flame Wave        |       |       |     1 |     2 ||     3
Invok: Curse Item        |       |       |     3 |     3 ||     6
  Use: Scroll            |     2 |     6 |     7 |     5 ||    20
       Potion            |     1 |       |     2 |     3 ||     6
 Stab: Sleeping          |       |    13 |     3 |       ||    16
Armor: Skin              |     1 |     2 |     4 |     5 ||    12
Dodge: Dodged            |    19 |    16 |    70 |   280 ||   385

Table legend: (Time is in decaauts)
 A = Elapsed time spent in this place.
 B = Non-inter-level travel time spent in this place.
 C = Inter-level travel time spent in this place.
 D = Time resting spent in this place.
 E = Time spent auto-exploring this place.
 F = Levels seen in this place.
 G = Mean time per level.
                   A        B        C        D        E       F      G
               +--------+--------+--------+--------+--------+-----+--------+
         Total |  27912 |  26692 |   1220 |   6026 |  17530 |  13 | 2147.1 |
       Dungeon |  26387 |  25233 |   1154 |   5798 |  16537 |  11 | 2398.8 |
        Temple |    195 |    129 |     66 |      0 |    114 |   1 |  195.0 |
         Sewer |   1328 |   1328 |      0 |    228 |    879 |   1 | 1328.0 |
               +--------+--------+--------+--------+--------+-----+--------+

Top non-repeatable levels by time:
     D:9: 6047 daAuts
     D:7: 3557 daAuts
     D:8: 3288 daAuts
     D:6: 2683 daAuts
    D:11: 2103 daAuts
     D:4: 1707 daAuts
    D:10: 1614 daAuts
     D:2: 1560 daAuts
     D:5: 1497 daAuts
   Sewer: 1328 daAuts
     D:1: 1248 daAuts
     D:3: 1080 daAuts
  Temple: 195 daAuts
